MLB
OAKLAND ATHLETICS @ ARIZONA DIAMONDBACKS
08/16/2046
 
TOP OF THE 1ST
Oakland Athletics batting - Pitching for Arizona Diamondbacks : RHP Marcus Wolfe
Pitching: RHP Marcus Wolfe
Batting: SHB Quincy Bradford 0-0: Ball
1-0: Swinging Strike
1-1: Ball
2-1: Ball
3-1: Foul Ball, location: 2F
3-2: Strikes out swinging
Batting: RHB Muneo Kawachi 0-0: Called Strike
0-1: Ball
1-1: Ball
2-1: Ground out 5-3 (Groundball, 56S, EV 66.9 MPH)
Batting: LHB Sakae Kasahara 0-0: Called Strike
0-1: Ground out 4-3 (Groundball, 4, EV 106.9 MPH)
Top of the 1st over - 0 runs, 0 hits, 0 errors, 0 left on base; Oakland 0 - Arizona 0
BOTTOM OF THE 1ST
Arizona Diamondbacks batting - Pitching for Oakland Athletics : RHP Carlos Alaniz
Pitching: RHP Carlos Alaniz
Batting: LHB Eric Klasek 0-0: Ball
1-0: Ball
2-0: Ball
3-0: Called Strike
3-1: Fly out, F7 (Flyball, 78M, EV 91.9 MPH)
Batting: RHB Katilimomi Kelekolio 0-0: Called Strike
0-1: Ball
1-1: Ball
2-1: Ball
3-1: Fly out, F7 (Flyball, 78M, EV 90.0 MPH)
Batting: SHB Alec Thorpe 0-0: Swinging Strike
0-1: Called Strike
0-2: Ball
1-2: Ball
2-2: Ball
3-2: Strikes out swinging
Bottom of the 1st over - 0 runs, 0 hits, 0 errors, 0 left on base; Oakland 0 - Arizona 0
TOP OF THE 2ND
Oakland Athletics batting - Pitching for Arizona Diamondbacks : RHP Marcus Wolfe
Batting: RHB Jason May 0-0: Ball
1-0: Swinging Strike
1-1: Fly out, F1 (Line Drive, P, EV 64.4 MPH)
Batting: RHB Shigem Kubo 0-0: Called Strike
0-1: Ball
1-1: Called Strike
1-2: Ground out 5-3 (Groundball, 56S, EV 86.2 MPH)
Batting: RHB Mike Blair 0-0: Swinging Strike
0-1: Called Strike
0-2: Ball
1-2: Strikes out swinging
Top of the 2nd over - 0 runs, 0 hits, 0 errors, 0 left on base; Oakland 0 - Arizona 0
BOTTOM OF THE 2ND
Arizona Diamondbacks batting - Pitching for Oakland Athletics : RHP Carlos Alaniz
Batting: RHB Andy Swaim 0-0: Called Strike
0-1: Foul Ball, location: 2F
0-2: Strikes out looking
Batting: SHB Perry Tuckfard 0-0: Ball
1-0: Ball
2-0: Called Strike
2-1: Called Strike
2-2: Ball
3-2: Foul Ball, location: 2F
3-2: Foul Ball, location: 2F
3-2: Base on Balls
Batting: LHB Armando Carbajal 0-0: Called Strike
0-1: DOUBLE (Flyball, 8RXD, EV 88.8 MPH)
Perry Tuckfard to third
Batting: SHB Salvador Aragon 0-0: Ground out 4-3 (Groundball, 4, EV 85.0 MPH)
Perry Tuckfard scores
Armando Carbajal to third
Batting: SHB Warren Eisner 0-0: Ball
1-0: Foul Ball, location: 2F
1-1: Ball
2-1: Called Strike
2-2: SINGLE (Line Drive, 89S, EV 105.6 MPH)
Armando Carbajal scores
Batting: SHB Andrew Wray II 0-0: Ball
1-0: Called Strike
1-1: Ball
2-1: Foul Ball, location: 2F
2-2: Strikes out swinging
Bottom of the 2nd over - 2 runs, 2 hits, 0 errors, 1 left on base; Oakland 0 - Arizona 2
TOP OF THE 3RD
Oakland Athletics batting - Pitching for Arizona Diamondbacks : RHP Marcus Wolfe
Batting: RHB Ryan Kinkead 0-0: Called Strike
0-1: Fly out, F9 (Flyball, 9D, EV 93.1 MPH)
Batting: RHB Dusty Thompson 0-0: Swinging Strike
0-1: Swinging Strike
0-2: Strikes out looking
Batting: RHB Jorge Bernal 0-0: Ball
1-0: Called Strike
1-1: Foul Ball, location: 2F
1-2: Strikes out swinging
Top of the 3rd over - 0 runs, 0 hits, 0 errors, 0 left on base; Oakland 0 - Arizona 2
BOTTOM OF THE 3RD
Arizona Diamondbacks batting - Pitching for Oakland Athletics : RHP Carlos Alaniz
Batting: LHB Eric Klasek 0-0: Called Strike
0-1: Ball
1-1: Foul Ball, location: 2F
1-2: Ball
2-2: Foul Ball, location: 2F
2-2: SOLO HOME RUN (Line Drive, 9D, EV 93.8 MPH), Distance : 366 ft
Batting: RHB Katilimomi Kelekolio 0-0: Called Strike
0-1: Ball
1-1: Foul Ball, location: 2F
1-2: SINGLE (Groundball, 6MD, EV 100.0 MPH)
Batting: SHB Alec Thorpe 0-0: Called Strike
0-1: Ball
Katilimomi Kelekolio steals 2nd, throwing error, E2
Katilimomi Kelekolio to third
1-1: Ball
2-1: Ball
3-1: Swinging Strike
3-2: Foul Ball, location: 2F
3-2: Ground out 1-3 (Groundball, P, EV 66.9 MPH)
Batting: RHB Andy Swaim 0-0: Called Strike
0-1: Ball
1-1: Ball
2-1: Called Strike
2-2: SINGLE (Groundball, 34D, EV 103.8 MPH) (infield hit)
Katilimomi Kelekolio scores
Batting: SHB Perry Tuckfard 0-0: Grounds into double play, 4-6-3 (Groundball, 34S, EV 90.6 MPH)
Bottom of the 3rd over - 2 runs, 3 hits, 1 error, 0 left on base; Oakland 0 - Arizona 4
TOP OF THE 4TH
Oakland Athletics batting - Pitching for Arizona Diamondbacks : RHP Marcus Wolfe
Batting: SHB Quincy Bradford 0-0: Fly out, F7 (Flyball, 7, EV 85.6 MPH)
Batting: RHB Muneo Kawachi 0-0: Foul Ball, location: 2F
0-1: Swinging Strike
0-2: Foul Ball, location: 2F
0-2: Ball
1-2: Ball
2-2: Foul Ball, location: 2F
2-2: Ball
3-2: Base on Balls
Batting: LHB Sakae Kasahara 0-0: Ball
1-0: Called Strike
1-1: Foul Ball, location: 2F
1-2: Ball
2-2: Strikes out swinging
Muneo Kawachi steals 2nd base (no throw)
Batter strikes out.
Batting: RHB Jason May 0-0: Called Strike
0-1: DOUBLE (Flyball, 89XD, EV 100.6 MPH)
Muneo Kawachi scores
Batting: RHB Shigem Kubo 0-0: Ball
1-0: Called Strike
1-1: Ball
2-1: Ground out 4-3 (Groundball, 4M, EV 80.6 MPH)
Top of the 4th over - 1 run, 1 hit, 0 errors, 1 left on base; Oakland 1 - Arizona 4
BOTTOM OF THE 4TH
Arizona Diamondbacks batting - Pitching for Oakland Athletics : RHP Carlos Alaniz
Batting: LHB Armando Carbajal 0-0: Ball
1-0: Foul Ball, location: 2F
1-1: Ball
2-1: Foul Ball, location: 2F
2-2: Foul Ball, location: 2F
2-2: Ball
3-2: SINGLE (Groundball, 34D, EV 94.4 MPH)
Batting: SHB Salvador Aragon 0-0: Ball
1-0: Foul Ball, location: 2F
1-1: Called Strike
1-2: Ball
2-2: SINGLE (Groundball, 23, EV 66.2 MPH) (infield hit)
Armando Carbajal to second
Batting: SHB Warren Eisner 0-0: Grounds into double play, 6-4-3 (Groundball, 6, EV 83.8 MPH)
Armando Carbajal to third
Batting: SHB Andrew Wray II 0-0: Called Strike
0-1: Foul Ball, location: 2F
0-2: Ball
1-2: Foul Ball, location: 2F
1-2: Ball
2-2: Foul Ball, location: 2F
2-2: Fly out, F7 (Flyball, 7, EV 76.2 MPH)
Bottom of the 4th over - 0 runs, 2 hits, 0 errors, 1 left on base; Oakland 1 - Arizona 4
TOP OF THE 5TH
Oakland Athletics batting - Pitching for Arizona Diamondbacks : RHP Marcus Wolfe
Batting: RHB Mike Blair 0-0: Ball
1-0: Swinging Strike
1-1: Ball
2-1: Ball
3-1: Called Strike
3-2: Foul Ball, location: 2F
3-2: Foul Ball, location: 2F
3-2: Base on Balls
Batting: RHB Ryan Kinkead 0-0: Ball
1-0: Foul Ball, location: 2F
1-1: DOUBLE (Line Drive, 89XD, EV 110.6 MPH)
Mike Blair to third
Batting: RHB Dusty Thompson 0-0: Ball
1-0: DOUBLE (Flyball, 8RXD, EV 106.9 MPH)
Mike Blair scores
Ryan Kinkead scores
Batting: RHB Jorge Bernal 0-0: Ball
1-0: Ball
2-0: Fly out, F7 (Flyball, 7LS, EV 76.2 MPH)
Batting: SHB Quincy Bradford 0-0: Ball
1-0: Called Strike
1-1: Swinging Strike
1-2: Ball
2-2: Ball
3-2: SINGLE (Line Drive, 89S, EV 91.2 MPH)
Dusty Thompson to third
Runner from 3rd tries for Home, SAFE, throw by RF to home
Batting: RHB Muneo Kawachi 0-0: Ball
1-0: Ball
2-0: Fly out, F4 (Popup, 4S, EV 64.4 MPH)
Batting: LHB Sakae Kasahara 0-0: Foul Ball, location: 2F
0-1: Swinging Strike
0-2: Fly out, F9 (Line Drive, 9LM, EV 103.8 MPH)
Top of the 5th over - 3 runs, 3 hits, 0 errors, 1 left on base; Oakland 4 - Arizona 4
BOTTOM OF THE 5TH
Arizona Diamondbacks batting - Pitching for Oakland Athletics : RHP Carlos Alaniz
Batting: LHB Eric Klasek 0-0: Ball
1-0: Called Strike
1-1: SINGLE (Groundball, 6MD, EV 103.1 MPH)
Batting: RHB Katilimomi Kelekolio 0-0: Foul Ball, location: 2F
0-1: Ball
1-1: Called Strike
Eric Klasek is caught stealing 2nd base 2-4
1-2: Foul Ball, location: 2F
1-2: Ground out 6-3 (Groundball, 6, EV 86.2 MPH)
Batting: SHB Alec Thorpe 0-0: Ball
1-0: Ball
2-0: Foul Ball, location: 2F
2-1: Ground out U3 (Groundball, 3, EV 90.6 MPH)
Bottom of the 5th over - 0 runs, 1 hit, 0 errors, 0 left on base; Oakland 4 - Arizona 4
TOP OF THE 6TH
Oakland Athletics batting - Pitching for Arizona Diamondbacks : RHP Marcus Wolfe
Batting: RHB Jason May 0-0: Called Strike
0-1: Called Strike
0-2: Ball
1-2: Ball
2-2: Ball
3-2: Foul Ball, location: 2F
3-2: Foul Ball, location: 2F
3-2: Fly out, F8 (Flyball, 8LS, EV 93.1 MPH)
Batting: RHB Shigem Kubo 0-0: Ball
1-0: Ball
2-0: Ball
3-0: Base on Balls
Batting: RHB Mike Blair 0-0: Foul Ball, location: 2F
0-1: Swinging Strike
0-2: Ball
1-2: Foul Ball, location: 2F
1-2: SINGLE (Groundball, 25, EV 73.8 MPH) (infield hit)
Shigem Kubo to second
Batting: RHB Ryan Kinkead 0-0: Ball
Wild Pitch!
Shigem Kubo to third
Mike Blair to second
1-0: Ball
2-0: Ball
3-0: Called Strike
3-1: Base on Balls
Batting: RHB Dusty Thompson 0-0: Called Strike
0-1: Ball
1-1: Foul Ball, location: 2F
1-2: Foul Ball, location: 2F
1-2: Strikes out swinging
Pitching: RHP Rich Ortega
Batting: RHB Jorge Bernal 0-0: Ball
1-0: SINGLE (Groundball, 34D, EV 104.4 MPH)
Shigem Kubo scores
Mike Blair to third
Ryan Kinkead to second
Runner from 3rd tries for Home, SAFE, throw by RF to home
Batting: SHB Quincy Bradford 0-0: Ball
1-0: Called Strike
1-1: Ball
2-1: Foul Ball, location: 2F
2-2: Foul Ball, location: 2F
2-2: Foul Ball, location: 2F
2-2: Strikes out swinging
Top of the 6th over - 2 runs, 2 hits, 0 errors, 2 left on base; Oakland 6 - Arizona 4
BOTTOM OF THE 6TH
Arizona Diamondbacks batting - Pitching for Oakland Athletics : RHP Carlos Alaniz
Batting: RHB Andy Swaim 0-0: Ball
1-0: Swinging Strike
1-1: Ball
2-1: Swinging Strike
2-2: Ground out 4-3 (Groundball, 4M, EV 104.4 MPH)
Pitching: LHP David Noffsinger
Batting: SHB Perry Tuckfard 0-0: Ball
1-0: Called Strike
1-1: Foul Ball, location: 2F
1-2: Strikes out swinging
Batting: RHB Steve Bartman Jr. 0-0: Called Strike
0-1: Ball
1-1: Called Strike
1-2: Ball
2-2: Ball
3-2: Base on Balls
Batting: SHB Salvador Aragon 0-0: Ball
1-0: Called Strike
Steve Bartman Jr. steals 2nd base (no throw)
1-1: 2-RUN HOME RUN (Flyball, 7LD, EV 101.9 MPH), Distance : 382 ft
Batting: SHB Warren Eisner 0-0: Ball
1-0: Foul Ball, location: 2F
1-1: Called Strike
1-2: Strikes out looking
Bottom of the 6th over - 2 runs, 1 hit, 0 errors, 0 left on base; Oakland 6 - Arizona 6
TOP OF THE 7TH
Oakland Athletics batting - Pitching for Arizona Diamondbacks : RHP Rich Ortega
Batting: RHB Muneo Kawachi 0-0: DOUBLE (Groundball, 5L, EV 104.4 MPH)
Batting: LHB Sakae Kasahara 0-0: Ball
1-0: Ball
2-0: Swinging Strike
2-1: Ball
3-1: Foul Ball, location: 2F
3-2: Base on Balls
Batting: RHB Jason May 0-0: Ball
Sakae Kasahara steals 2nd base
Muneo Kawachi steals 3rd base
1-0: Ball
2-0: Called Strike
2-1: Ball
3-1: Base on Balls
Batting: RHB Shigem Kubo 0-0: Foul Ball, location: 2F
0-1: Ball
1-1: Ball
2-1: Swinging Strike
2-2: Ball
3-2: Fly out, F9 (Flyball, 9S, EV 83.8 MPH)
Runner from 3rd tags up, SCORES, throw by RF
Batting: RHB Mike Blair 0-0: Ball
1-0: DOUBLE (Line Drive, 89D, EV 109.4 MPH)
Sakae Kasahara scores
Jason May to third
Batting: RHB Ryan Kinkead 0-0: Intentional Walk
Batting: RHB Dusty Thompson 0-0: Ball
1-0: SINGLE (Flyball, 8LS, EV 92.5 MPH)
Jason May scores
Mike Blair to third
Ryan Kinkead to second
Runner from 3rd tries for Home, SAFE, throw by CF to home
Pitching: LHP Chris Baran
Batting: RHB Jorge Bernal 0-0: Grounds into double play, 6-4-3 (Groundball, 6, EV 85.6 MPH)
Top of the 7th over - 4 runs, 3 hits, 0 errors, 1 left on base; Oakland 10 - Arizona 6
BOTTOM OF THE 7TH
Arizona Diamondbacks batting - Pitching for Oakland Athletics : LHP David Noffsinger
Batting: SHB Andrew Wray II 0-0: Ball
1-0: Foul Ball, location: 2F
1-1: Ball
2-1: Ground out 6-3 (Groundball, 6, EV 82.5 MPH)
Batting: LHB Eric Klasek 0-0: Ball
1-0: Ground out 4-3 (Groundball, 4, EV 93.1 MPH)
Batting: RHB Katilimomi Kelekolio 0-0: Foul Ball, location: 2F
0-1: Fly out, F8 (Flyball, 8RM, EV 78.1 MPH)
Bottom of the 7th over - 0 runs, 0 hits, 0 errors, 0 left on base; Oakland 10 - Arizona 6
TOP OF THE 8TH
Oakland Athletics batting - Pitching for Arizona Diamondbacks : LHP Chris Baran
Batting: SHB Quincy Bradford 0-0: Ball
1-0: Ball
2-0: Called Strike
2-1: Ball
3-1: Base on Balls
Batting: RHB Muneo Kawachi 0-0: Called Strike
0-1: Called Strike
0-2: Foul Ball, location: 2F
0-2: Foul Ball, location: 2F
0-2: Ball
1-2: Ball
2-2: Strikes out swinging
Batting: LHB Sakae Kasahara 0-0: Grounds into double play, 3-6-3 (Groundball, 3, EV 83.8 MPH)
Top of the 8th over - 0 runs, 0 hits, 0 errors, 0 left on base; Oakland 10 - Arizona 6
BOTTOM OF THE 8TH
Arizona Diamondbacks batting - Pitching for Oakland Athletics : LHP David Noffsinger
Batting: SHB Alec Thorpe 0-0: Called Strike
0-1: Called Strike
0-2: Ball
1-2: Strikes out looking
Batting: RHB Andy Swaim 0-0: Called Strike
0-1: Ball
1-1: Foul Ball, location: 2F
1-2: Ball
2-2: Ground out 4-3 (Groundball, 4, EV 103.8 MPH)
Batting: SHB Perry Tuckfard 0-0: Called Strike
0-1: Foul Ball, location: 2F
0-2: Foul Ball, location: 2F
0-2: Ball
1-2: Ground out 6-3 (Groundball, 6, EV 83.8 MPH)
Bottom of the 8th over - 0 runs, 0 hits, 0 errors, 0 left on base; Oakland 10 - Arizona 6
TOP OF THE 9TH
Oakland Athletics batting - Pitching for Arizona Diamondbacks : LHP Chris Baran
Pitching: RHP Stanford Placard
Batting: RHB Jason May 0-0: Hit by Pitch
Batting: RHB Shigem Kubo 0-0: Foul Ball, location: 2F
0-1: Ball
1-1: Ball
2-1: Foul Ball, location: 2F
2-2: Strikes out swinging
Batting: RHB Mike Blair 0-0: Foul Ball, location: 2F
0-1: Ball
1-1: Ball
2-1: Foul Ball, location: 2F
2-2: SINGLE (Line Drive, 3D, EV 96.2 MPH)
Jason May to second
Jason May to third
Batting: RHB Ryan Kinkead 0-0: Ball
1-0: Ball
2-0: Ball
3-0: Called Strike
3-1: Base on Balls
Mike Blair to second
Batting: RHB Dusty Thompson 0-0: Called Strike
0-1: Foul Ball, location: 2F
0-2: Foul Ball, location: 2F
0-2: Strikes out looking
Batting: RHB Jorge Bernal 0-0: Fly out, F8 (Line Drive, 8RD, EV 91.2 MPH)
Top of the 9th over - 0 runs, 1 hit, 0 errors, 3 left on base; Oakland 10 - Arizona 6
BOTTOM OF THE 9TH
Arizona Diamondbacks batting - Pitching for Oakland Athletics : LHP David Noffsinger
Pitching: RHP Andrew Douglas
Batting: RHB Steve Bartman Jr. 0-0: Ball
1-0: Foul Ball, location: 2F
1-1: SINGLE (Flyball, 4D, EV 88.8 MPH)
Batting: SHB Salvador Aragon 0-0: Called Strike
0-1: Ball
1-1: Fly out, F6 (Popup, 4M, EV 73.1 MPH)
Batting: SHB Warren Eisner 0-0: Called Strike
0-1: Foul Ball, location: 2F
0-2: Hit by Pitch
Steve Bartman Jr. to second
Pitching: RHP Taek-gyun Kym
Batting: SHB Andrew Wray II 0-0: Ball
1-0: Called Strike
1-1: Ball
2-1: Foul Ball, location: 2F
2-2: Ball
3-2: Grounds into double play, 3-6-3 (Groundball, 34S, EV 87.5 MPH)
Bottom of the 9th over - 0 runs, 1 hit, 0 errors, 1 left on base; Oakland 10 - Arizona 6
Tuesday, September 13th , 2022 - OOTP Baseball 23.7 Build 88